 Dungeon Crawl Stone Soup version 0.21.1-1-g345015f (webtiles) character file.

349 EJ the Conjurer (level 6, 0/46 HPs)
             Began as a Human Conjurer on July 3, 2018.
             Slain by a jackal (1 damage)
             ... on level 3 of the Dungeon.
             The game lasted 00:45:24 (2275 turns).

EJ the Conjurer (Human Conjurer)                    Turns: 2275, Time: 00:45:24

Health: 0/46       AC:  3    Str:  9    XL:     6   Next: 92%
Magic:  1/10       EV: 13    Int: 16    God:
Gold:   198        SH:  0    Dex: 14    Spells: 7/11 levels left

rFire    + . .     SeeInvis .   o - +2 whip (elec)
rCold    x . .     Gourm    .   (no shield)
rNeg     . . .     Faith    .   a - +0 robe
rPois    .         Spirit   .   (no helmet)
rElec    .         Reflect  .   (no cloak)
rCorr    .         Harm     .   s - +0 pair of gloves
MR       .....                  (no boots)
Stlth    ++........             (no amulet)
HPRegen  0.15/turn              l - ring of fire
MPRegen  0.12/turn              (no ring)

@: very slightly contaminated
A: no striking features
a: no special abilities


You were on level 3 of the Dungeon.
You were not hungry.

You visited 1 branch of the dungeon, and saw 3 of its levels.

You collected 198 gold pieces.

Inventory:

Hand Weapons
 e - a +0 hand axe
 g - a +0 dagger of electrocution
 h - a +0 short sword
 o - a +2 whip of electrocution (weapon)
Missiles
 j - 28 arrows
 q - 8 tomahawks (quivered)
 t - 84 sling bullets
 v - 45 bolts
Armour
 a - a +0 robe (worn)
 s - a +0 pair of gloves (worn)
Jewellery
 l - a ring of fire (left hand)
 w - an uncursed amulet of guardian spirit {unknown}
 y - an uncursed amulet of rage {unknown}
 A - an uncursed ring of stealth {unknown}
Wands
 B - a wand of flame (5)
Scrolls
 i - 3 scrolls of identify {unknown}
 k - 3 scrolls of teleportation {unknown}
 n - a scroll of immolation {unknown}
 p - a scroll of fear {unknown}
 x - a scroll of fog {unknown}
Potions
 d - a potion of brilliance {unknown}
 f - a potion of flight {unknown}
 m - a potion of lignification {unknown}
 r - 2 potions of heal wounds {unknown}
 u - a potion of agility {unknown}
Books
 b - a book of Conjurations

   Spells                             Type                      Level
   a - Magic Dart                     Conjuration                  1
   b - Searing Ray                    Conjuration                  2
   c - Dazzling Spray                 Conjuration/Hexes            3
   d - Fulminant Prism                Conjuration/Hexes            4
   e - Force Lance                    Conjuration/Translocation    4
   f - Iskenderun's Mystic Blast      Conjuration                  4
Comestibles
 c - 5 rations
 z - 10 chunks of flesh


   Skills:
 + Level 2.6 Fighting
 - Level 0.1 Short Blades
 + Level 1.5 Maces & Flails
 + Level 3.4 Dodging
 - Level 2.0 Stealth
 + Level 3.2 Spellcasting
 + Level 4.9 Conjurations
 + Level 1.6 Hexes


You had 7 spell levels left.
You knew the following spells:

 Your Spells              Type           Power        Failure   Level  Hunger
a - Magic Dart            Conj           ###.         2%          1    None
b - Dazzling Spray        Conj/Hex       ##....       14%         3    ###....


Dungeon Overview and Level Annotations

Branches:
Dungeon (3/15)

Altars:


Message History

Press: ? - help, Shift-Dir - straight line, f/p - jackal
Aim: a jackal (heavily wounded)
The puff of flame misses the jackal. x2; The jackal barely misses you.
Evoke which item? (* to show all) (? for menu, Esc to quit)
Aiming: Throw Flame
Press: ? - help, Shift-Dir - straight line, f/p - jackal
Aim: a jackal (heavily wounded)
The puff of flame misses the jackal. x2; The jackal completely misses you.
The jackal misses you.
Casting: Dazzling Spray
Confirm with . or Enter, or press ? or * to list all spells.
Aiming: Dazzling Spray
Press: ? - help, Shift-Dir - straight line, f/p - jackal
Aim: a jackal (heavily wounded)
You miscast Dazzling Spray.
Your hair stands on end.
The jackal bites you but does no damage.
The jackal bites you.
* * * LOW HITPOINT WARNING * * *
The jackal bites you.
You die...

# #.# #######
#..####)## ######
#........# #.....
#......w.#
##.####
#.######.# ##..#
#####.######w####
##.#.####
..............h.#
#.#......
##........##h#
##...###.
##...########@#
##..#.#. #.....#
#.# #......
##...## #.#
#...... ##.## #.#
##...... #.# #.#
### #....... #.#
#.. ..# ##......
##'## ### #.#
##..... ##...##
#.# ##...#
##.....## ### #.#
##.##


You could see 2 jackals.

Vanquished Creatures
  Grinder (D:3)
  Jessica (D:2)
  6 adders
  A worm (D:2)
  2 dart slugs (D:1)
  A leopard gecko (D:3)
  5 orcs (D:3)
  2 giant cockroaches
  4 goblins
  5 hobgoblins
  A jackal (D:3)
  A quokka (D:2)
  5 bats
  4 frilled lizards
  8 kobolds
  9 rats
56 creatures vanquished.

Notes
Turn   | Place    | Note
-------+----------+-------------------------------------------
     0 | D:1      | EJ the Human Conjurer began the quest for the Orb.
     0 | D:1      | Reached XP level 1. HP: 13/13 MP: 3/3
   194 | D:1      | Reached XP level 2. HP: 18/20 MP: 0/5
   596 | D:1      | Reached skill level 1 in Fighting
   607 | D:1      | Reached XP level 3. HP: 26/26 MP: 1/6
  1282 | D:2      | Reached XP level 4. HP: 32/32 MP: 2/7
  1439 | D:2      | Learned a level 3 spell: Dazzling Spray
  1535 | D:2      | Noticed Jessica
  1550 | D:2      | Killed Jessica
  1550 | D:2      | Reached XP level 5. HP: 23/38 MP: 1/9
  2224 | D:3      | Noticed Grinder
  2244 | D:3      | Paralysed by Grinder for 2 turns
  2248 | D:3      | Paralysed by Grinder for 4 turns
  2261 | D:3      | Killed Grinder
  2261 | D:3      | Reached skill level 1 in Maces & Flails
  2261 | D:3      | Reached skill level 1 in Hexes
  2261 | D:3      | Reached XP level 6. HP: 10/46 MP: 2/10
  2268 | D:3      | HP: 2/46 [jackal (3)]
  2273 | D:3      | HP: 1/46 [jackal (2)]
  2275 | D:3      | Slain by a jackal

Skill      XL: |  1  2  3  4  5 |
---------------+----------------+-----
Fighting       | 1 2 |  2.6
Dodging        | 3 |  3.4
Maces & Flails | 1 |  1.5
Spellcasting   | 3 |  3.2
Hexes          | 1 |  1.6
Short Blades   | |  0.1
Stealth        | |  2.0
Conjurations   | |  4.9

Action                   |  1- 3 |  4- 6 || total
-------------------------+-------+-------++-------
Melee: Unarmed           |     5 |       ||     5
       Hand axe          |     3 |       ||     3
       Dagger            |     6 |     7 ||    13
       Whip              |       |    25 ||    25
Throw: Tomahawk          |       |     1 ||     1
 Cast: Magic Dart        |    59 |    47 ||   106
       Dazzling Spray    |       |     3 ||     3
Evoke: Wand              |       |     7 ||     7
 Stab: Sleeping          |     1 |       ||     1
       Invisible         |       |     4 ||     4
  Eat: Chunk             |     2 |     4 ||     6
Armor: Robe              |     1 |     4 ||     5
Dodge: Dodged            |    12 |    30 ||    42
